 Dungeon Crawl Stone Soup version 0.20-a0-432-g25cc1b4 (webtiles) character file.

331161 MackTheKnife the Wrestler (level 20, -14/168 HPs)
             Began as a Demonspawn Wanderer on Dec 31, 2016.
             Was the Champion of Makhleb.
             Killed from afar by an ogre mage (62 damage)
             ... with a crystal spear
             ... on level 5 of the Vaults on Jan 2, 2017.
             The game lasted 01:56:16 (47429 turns).

MackTheKnife the Wrestler (Demonspawn Wanderer)    Turns: 47429, Time: 01:56:17

Health: -14/168    AC: 16    Str: 20    XL:     20   Next: 86%
Magic:  28/28      EV: 19    Int: 13    God:    Makhleb [******]
Gold:   1500       SH: 22    Dex: 23    Spells: 17/19 levels left

rFire  + + .     SeeInvis +       - Unarmed
rCold  + + +     Gourm    .     D - +4 scale mail of Luteoz {-Cast rPois rC+ SInv}
rNeg   + . .     Faith    .     U - +2 shield of Resistance {rF+ rC+ MR+}
rPois  +         Spirit   .     (helmet restricted)
rElec  .         Reflect  +     H - +2 cloak of the Pirate {+Inv rN+ Str+2}
rCorr  .         Harm     .     (no gloves)
MR     +++..     NoCast   +     (boots unavailable)
Stlth  +.........               g - +5 amulet of reflection
                                L - ring "Wadoteto" {*Drain rC+ MR+ Dex+4}
                                R - +4 ring of slaying

@: very slightly contaminated, drained, invisible (expiring)
A: antennae 2, claws 2, talons 3, agile 1, demonic guardian 2, fire resistance
1, powered by death 2, augmentation 1, subdued magic 1
}: 2/15 runes: serpentine, barnacled
a: Minor Destruction, Lesser Servant of Makhleb, Major Destruction, Greater
Servant of Makhleb, Renounce Religion


You were on level 5 of the Vaults.
You worshipped Makhleb.
Makhleb was exalted by your worship.
You were very hungry.

You visited 9 branches of the dungeon, and saw 39 of its levels.
You also visited: Labyrinth and Ice Cave.

You collected 3817 gold pieces.
You spent 2317 gold pieces at shops.

Inventory:

Armour
 D - the +4 scale mail of Luteoz (worn) {-Cast rPois rC+ SInv}
   (You found it on level 4 of the Shoals)

   It protects you from cold.
   It protects you from poison.
   It lets you see invisible.
   It prevents spellcasting.
 H - the +2 cloak of the Pirate (worn) {+Inv rN+ Str+2}
   (You bought it in a shop on level 1 of the Orcish Mines)

   It affects your strength (+2).
   It protects you from negative energy.
   It lets you turn invisible.
 U - the +2 shield of Resistance (worn) {rF+ rC+ MR+}
   (You found it on level 10 of the Dungeon)

   It protects you from fire.
   It protects you from cold.
   It affects your resistance to hostile enchantments.
Jewellery
 g - a +5 amulet of reflection (around neck)
   (You found it on level 1 of the Dungeon)
 k - an uncursed ring of protection from fire {rF+, !d}
   (You took it off a minotaur in a labyrinth)
 r - an uncursed ring of resist corrosion
   (You found it on level 3 of the Dungeon)
 F - an uncursed ring of protection from cold {rC+, !d}
   (You found it on level 15 of the Dungeon)
 L - the ring "Wadoteto" (right claw) {*Drain rC+ MR+ Dex+4}
   (You bought it in a shop on level 2 of the Orcish Mines)

   [ring of protection from magic]

   It affects your dexterity (+4).
   It protects you from cold.
   It affects your resistance to hostile enchantments.
   It causes draining when unequipped.
 R - a +4 ring of slaying (left claw)
   (You took it off a naga mage on level 1 of the Snake Pit)
 S - the ring of Liberty {rN+ SInv}
   (You found it on level 2 of the Snake Pit)

   [ring of positive energy]

   It protects you from negative energy.
   It lets you see invisible.
 W - the ring "Lacoh" {rF+ MR+ Str+3}
   (You took it off a yaktaur on level 4 of the Vaults)

   [ring of strength]

   It affects your strength (+3).
   It protects you from fire.
   It affects your resistance to hostile enchantments.
Wands
 x - a wand of disintegration (22/24)
   (You found it on level 7 of the Dungeon)
 K - a wand of iceblast (12/15)
   (You took it off a naga mage on level 3 of the Snake Pit)
 P - a wand of iceblast (8/15)
   (You found it on level 2 of the Vaults)
Scrolls
 c - 4 scrolls of identify
 h - 14 scrolls of remove curse
 j - 2 scrolls of fear
 s - 2 scrolls of magic mapping {!r}
 t - a scroll of silence
 u - 3 scrolls of summoning
 y - 5 scrolls of enchant armour
 z - 8 scrolls of teleportation
 A - 2 scrolls of fog
 I - 3 scrolls of recharging
 M - a scroll of immolation {!r}
 O - 3 scrolls of blinking {!r}
 T - a scroll of enchant weapon
Potions
 a - a potion of brilliance
 e - a potion of heal wounds
 i - 5 potions of agility
 l - a potion of ambrosia
 m - 2 potions of might
 n - a potion of invisibility
 q - 3 potions of cancellation
 v - 6 potions of flight
 G - a potion of cure mutation {!q}
 J - 4 potions of curing
 N - 3 potions of berserk rage {!q}
 Q - 6 potions of haste
Miscellaneous
 p - a lamp of fire (inert)
   (You found it on level 11 of the Dungeon)
 w - a sack of spiders
 B - 2 phantom mirrors
 E - a phial of floods
   (You found it on level 9 of the Dungeon)
Comestibles
 b - 18 royal jellies
 d - 10 meat rations {@e2}
 f - 7 bread rations {@e1}
 o - 3 slices of pizza
 C - 8 fruits


   Skills:
 + Level 17.2(17.0) Fighting
   Level 1.0(0.8) Bows
 - Level 1.0(0.8) Throwing
 - Level 11.0(10.8) Armour
 - Level 10.7(10.5) Dodging
 - Level 1.0(0.8) Stealth
 - Level 15.1(14.8) Shields
 - Level 21.0(20.7) Unarmed Combat
 - Level 11.1(10.9) Invocations


You had 17 spell levels left.
You knew the following spells:

 Your Spells              Type           Power        Failure   Level  Hunger
d - Repel Missiles        Chrm/Air       #.....       89%         2    ###....


Dungeon Overview and Level Annotations

Branches:
Dungeon (15/15)            Temple (1/1) D:4            Lair (6/6) D:10
 Shoals (4/4) Lair:3        Snake (4/4) Lair:3        Slime (0/5) Lair:6
    Orc (2/2) D:9             Elf (1/3) Orc:2        Vaults (5/5) D:13
  Crypt (0/3) Vaults:3     Depths (1/5) D:15

Altars:
Ashenzari
Dithmenos
Elyvilon
Gozag
Makhleb
Nemelex Xobeh
Okawaru
Qazlal
Ru
Trog
Uskayaw
Vehumet
Yredelemnul
Zin
The Shining One
Beogh
Jiyva

Shops:
D:4 [   D:6 *   D:9 }   D:12 ?   Orc:1 *   Orc:2 =(*[   Vaults:5 [

Portals:
Trove: D:10 (give +2 gold dragon scales)

Annotations:
D:8 exclusion: downstairs
Lair:3 1 exclusion
Shoals:1 Roxanne
Shoals:4 Ilsuiw


Innate Abilities, Weirdness & Mutations

You have a pair of antennae on your head.
You have very sharp fingernails.
You have claws for feet.
A demonic guardian rushes to your aid.
You regenerate health from kills.
Your magical and physical power is slightly enhanced at high health.
You are agile. (Dex +2)
Your flesh is heat resistant. (rF+)
Your spells are a little easier to cast, but a little less powerful.


Message History

You claw the ancient lich, but do no damage.
You block the storm dragon's attack. The storm dragon claws you!
The storm dragon tramples you but does no damage.
The ancient lich touches you but does no damage.
You take 9 damage, and have 86/168 hp.
You barely miss the ancient lich.
You claw the ancient lich, but do no damage.
You scratch the ancient lich.
You claw the ancient lich, but do no damage.
The storm dragon closely misses you. You block the storm dragon's attack. x2
The ancient lich touches you! You partially resist.
You feel drained.
You take 16 damage, and have 70/168 hp.
You mangle the ancient lich!! Your kick misses the ancient lich.
The storm dragon bites you! The storm dragon misses you.
The storm dragon tramples you!
* * * LOW HITPOINT WARNING * * *
You stumble backwards!
You take 20 damage, and have 50/168 hp.
Unknown command.
Okay, then.
Unknown command.
You feel much better.
The ancient lich mumbles some strange words.
The ancient lich seems to speed up.
The storm dragon bites you. You block the storm dragon's attack.
The storm dragon barely misses you.
You regained 25 hp, and now have 75/168 hp.
You fade into invisibility!
The ancient lich mumbles some strange words.
The storm dragon bites you! You block the storm dragon's attack.
The storm dragon misses you.
You are very lightly contaminated with residual magic.
You take 12 damage, and have 63/168 hp.
Unknown command.
You strike the helpless storm dragon from behind!
You mangle the storm dragon!!
You claw the storm dragon, but do no damage.
You block the storm dragon's attack. x2; The storm dragon tramples you.
You hold your ground!
You take 2 damage, and have 61/168 hp.
You scratch the storm dragon.
You claw the storm dragon, but do no damage.
The storm dragon breathes lightning at you.
The bolt of lightning hits you!
* * * LOW HITPOINT WARNING * * *
You take 25 damage, and have 36/168 hp.
Unknown command.
Okay, then.
As you read the scroll of teleportation, it crumbles to dust.
You feel strangely unstable.
Unknown command.
There is an entrance to Izxaclat's Antique Armour Boutique here.
Aim the lamp in which direction?
Aim: an ancient lich (almost destroyed, fast)
The ancient lich gestures at you while chanting.
You resist with almost no effort.
The ancient lich gestures wildly while chanting.
The storm dragon is engulfed in roaring flames.
Unknown command.
Your surroundings suddenly seem different.
A vault sentinel comes into view. It is wielding a long sword.
The vault sentinel shouts!
A two-headed ogre comes into view.
It is wielding a giant spiked club and a giant club.
The two-headed ogre shouts in stereo!
You hear a shout! x3
You hear two shouts!
You hear a shout! x4
You block the vault sentinel's attack.
You hear two shouts!
A sphinx and an ironbrand convoker come into view.
As you read the scroll of teleportation, it crumbles to dust.
You feel strangely unstable.
The two-headed ogre shouts in stereo!
You hear a deafening roar!
You block the two-headed ogre's attack. x2
The vault sentinel hits you with a long sword.
* * * LOW HITPOINT WARNING * * *
An ogre mage comes into view. It is wielding a spear.
You take 3 damage, and have 35/168 hp.
Unknown command.
Unknown command.
A hell knight comes into view. It is wielding a halberd of flaming.
You are no longer corroded.
Unknown command.
The ogre mage gestures wildly while chanting.
The ogre mage flickers and vanishes for a moment.
An ironbrand convoker comes into view. It is wielding a dire flail.
You see here a ring mail.
Your surroundings suddenly seem different.
An ogre mage comes into view. It is wielding a spear.
The ogre mage gestures wildly while chanting.
The ogre mage blinks!
You start resting.
You flicker for a moment.
You regained 2 hp, and now have 46/168 hp.
You start resting.
Unknown command.
The ogre mage gestures wildly while chanting.
The ogre mage blinks!
The ogre mage points at you and mumbles some strange words.
The crystal spear hits you!
You die...

#..D..#|#..[))# #
.#.#.###L#.#.###.# ..
......{..........# .##
.###.#e#.###.#.#.# ..
..#.#.....#.#.# .###.#
#.#.#.###.#.#.# .... ......{
.......
.#######################?..
...(.........ยง..@..........
..................O........
############################


You could see an ogre mage.

Vanquished Creatures
  An ancient lich (Vaults:4)
  A golden dragon (Vaults:5)
  2 tentacled monstrosities (Vaults:5)
  A lich (Vaults:2)
  3 titans
  2 sphinxes
  Frances (Shoals:1)
  2 shadow dragons (Vaults:5)
  6 nagarajas (Snake:4)
  5 tengu reavers (Vaults:5)
  A storm dragon (Vaults:5)
  2 frost giants (Vaults:5)
  9 vault wardens
  Aizul (Shoals:1)
  6 ironheart preservers
  7 very ugly things
  A deep elf demonologist (Vaults:2)
  An entropy weaver (Vaults:3)
  8 stone giants
  A minotaur (shapeshifter) (Vaults:5)
  A merfolk javelineer (Shoals:4)
  6 ettins
  A deep elf high priest (Vaults:5)
  A deep elf death mage (Vaults:5)
  A crystal guardian (Vaults:4)
  Josephine (Snake:1)
  6 merfolk impalers
  A fire dragon (Vaults:5)
  A minotaur (Lab)
  8 ogre magi
  9 yaktaur captains
  5 great orbs of eyes
  2 rakshasas
  2 hydras
  26 vault guards
  5 ice dragons
  11 naga warriors
  8 centaur warriors
  3 death knights
  11 anacondas
  3 satyrs
  27 two-headed ogres
  A two-headed ogre (shapeshifter) (Vaults:5)
  A merfolk aquamancer (Shoals:4)
  A tengu warrior (D:15)
  2 alligator snapping turtles
  6 shock serpents
  An orc high priest (Orc:1)
  10 naga sharpshooters
  8 deep elf knights
  A deep troll earth mage (Vaults:2)
  6 skeletal warriors (Vaults:1)
  A shadow wraith (Vaults:4)
  2 glowing orange brains
  2 salamander mystics
  3 flayed ghosts
  A deep troll (Vaults:2)
  4 unseen horrors
  6 sea snakes
  2 deep elf archers
  10 ironbrand convokers
  18 orc knights
  6 naga ritualists
  2 phantasmal warriors (Vaults:4)
  4 wizards
  19 harpies
  10 mana vipers
  20 fauns
  A wolf spider zombie (D:15)
  32 ugly things
  An oklob plant (Shoals:1)
  11 deep elf magi
  5 orc sorcerers
  5 wolf spiders
  4 salamanders
  6 cyclopes
  13 manticores
  3 merfolk sirens
  17 naga magi
  A guardian serpent (shapeshifter) (Vaults:5)
  A guardian serpent (Snake:3)
  14 vault sentinels
  27 black mambas
  2 water nymphs (Shoals:4)
  A spiny frog (shapeshifter) (Vaults:2)
  5 ice statues (IceCv)
  Psyche (D:10)
  3 centaur skeletons
  2 komodo dragons (Lair:6)
  3 kobold demonologists (D:14)
  6 freezing wraiths
  9 spiny frogs
  18 yaktaurs
  3 rime drakes
  An efreet (D:14)
  3 anaconda simulacra (IceCv)
  2 queen bees
  A meliai (shapeshifter) (Vaults:5)
  12 trolls
  A jumping spider (shapeshifter) (Depths:1)
  6 hornets
  13 merfolk
  11 polar bears
  A slime creature (shapeshifter) (D:14)
  3 wind drakes
  7 hippogriffs
  5 blink frogs
  3 snapping turtles
  5 dream sheep
  11 slime creatures
  2 redbacks (shapeshifter) (Vaults:5)
  2 shadows
  8 yaks
  2 wyverns
  8 wraiths
  4 redbacks (Vaults:3)
  10 spriggans (Lair:6)
  3 water elementals
  A tarantella (shapeshifter) (Vaults:3)
  6 small abominations (D:9)
  A dire elephant simulacrum (IceCv)
  A basilisk (D:15)
  8 hungry ghosts
  A human simulacrum (Vaults:3)
  A yaktaur simulacrum (Vaults:2)
  A warg (Vaults:4)
  12 vampire mosquitoes
  50 nagas
  3 hydra simulacra (IceCv)
  10 water moccasins
  3 acid dragons
  8 porcupines
  3 large abominations (D:9)
  4 black bears
  39 orc warriors
  12 ice beasts
  2 phantoms
  An eye of draining (D:13)
  3 sky beasts
  A hornet zombie (D:15)
  19 wolves
  A necrophage (D:13)
  26 ogres
  4 boggarts (Lair:6)
  15 centaurs
  9 crocodiles
  4 big kobolds
  10 bullfrogs
  A gnoll sergeant (Orc:2)
  5 scorpions
  A hornet simulacrum (D:14)
  2 wyvern skeletons (D:13)
  45 killer bees
  26 wights
  A howler monkey (D:5)
  3 crimson imps
  2 centaur zombies
  3 bullfrog zombies
  Crazy Yiuf (D:5)
  5 jellies
  17 orc wizards
  22 orc priests
  4 hounds
  A bullfrog skeleton (D:11)
  Ijyb (D:2)
  An iguana (D:11)
  7 worker ants
  Robin (D:2)
  10 adders
  12 gnolls
  7 shadow imps
  A white imp (Vaults:2)
  2 oozes (D:2)
  2 worms (D:2)
  A dart slug (D:2)
  A leopard gecko (D:1)
  102 orcs
  13 giant cockroaches
  11 hobgoblins
  13 jackals
  A quokka (D:10)
  A ball python (D:1)
  6 bats
  4 frilled lizards
  15 goblins
  13 kobolds
  A leopard gecko skeleton (D:5)
  4 rats
1293 creatures vanquished.

Vanquished Creatures (collateral kills)
  Vashnia (Snake:3)
  A golden dragon (Vaults:5)
  A deep elf sorcerer (Vaults:4)
  A fire giant (Vaults:1)
  2 nagarajas (Snake:4)
  Louise (Snake:4)
  An orc warlord (Orc:2)
  An ironheart preserver (Vaults:4)
  An entropy weaver (Vaults:5)
  2 merfolk javelineers (Shoals:4)
  An ogre mage (D:15)
  2 fire dragons (D:10)
  2 ice dragons
  A hydra (Lair:6)
  2 vault guards
  2 naga warriors
  An anaconda (Snake:3)
  A tengu warrior (D:15)
  11 two-headed ogres
  The ghost of temujin the Arsonist, a journeyman DEFE of Vehumet (Lair:2)
  An orc high priest (Orc:2)
  A shock serpent (Snake:1)
  3 naga sharpshooters
  2 sea snakes
  2 large abominations (D:9)
  A deep troll (Vaults:2)
  An ironbrand convoker (Vaults:1)
  A swamp dragon (shapeshifter) (Vaults:5)
  A naga ritualist (Snake:2)
  5 harpies
  An orc knight (Orc:2)
  An orc sorcerer (Orc:2)
  5 ugly things
  2 mana vipers
  2 cyclopes
  2 salamanders (Snake:3)
  5 fauns
  5 naga magi
  A merfolk siren (Shoals:1)
  9 black mambas
  A guardian serpent (Lair:3)
  2 vault sentinels (Vaults:4)
  5 spiny frogs
  2 centaur skeletons
  A kobold demonologist (D:15)
  A yaktaur (Vaults:2)
  An anaconda simulacrum (IceCv)
  A merfolk (Shoals:4)
  A jumping spider (Vaults:5)
  A polar bear (Lair:6)
  A hornet (Lair:6)
  4 slime creatures
  A dream sheep (Shoals:4)
  4 blink frogs
  2 snapping turtles (Shoals:3)
  3 hippogriffs
  11 yaks
  3 spriggans (Lair:6)
  A wraith (Snake:1)
  8 nagas
  A warg (Orc:2)
  A soldier ant (D:15)
  A harpy simulacrum (IceCv)
  A water moccasin (Lair:4)
  A black bear (Lair:6)
  9 orc warriors
  3 ogres
  3 wolves (Lair:6)
  A bullfrog (D:10)
  A big kobold (D:15)
  11 killer bees
  2 orc wizards
  A worker ant (D:10)
  A shadow imp (D:11)
  10 orcs
  A kobold (D:14)
  A fungus (Lair:6)
  2 plants (Shoals:4)
192 creatures vanquished.

Vanquished Creatures (others)
  2 merfolk javelineers (Shoals:4)
  A satyr (Shoals:4)
  A deep elf archer (Vaults:4)
  A deep elf mage (Vaults:2)
  3 fauns (Shoals:3)
  A cyclops (Shoals:1)
  3 yaktaurs
  A merfolk (Shoals:3)
  An orc warrior (Vaults:1)
  An orc wizard (Orc:2)
  A quokka (D:12)
  3 fungi
  17 plants
36 creatures vanquished.

Grand Total: 1521 creatures vanquished

Notes
Turn   | Place    | Note
-------+----------+-------------------------------------------
     0 | D:1      | MackTheKnife the Demonspawn Wanderer began the quest for the Orb.
     0 | D:1      | MackTheKnife set off with: a +2 scale mail, a potion of lignification {!q}, a potion of curing, a +0 dagger, a bread ration {@e1}
     0 | D:1      | Reached XP level 1. HP: 19/19 MP: 1/1
   388 | D:1      | Gained mutation: You have sharp fingernails. [demonic ancestry]
   388 | D:1      | Reached XP level 2. HP: 25/26 MP: 2/2
   925 | D:2      | Reached skill level 1 in Unarmed Combat
  1035 | D:2      | Gained mutation: You have sharp toenails. [demonic ancestry]
  1035 | D:2      | Reached XP level 3. HP: 31/31 MP: 3/3
  1123 | D:2      | Gained mutation: You are agile. (Dex +2) [potion of beneficial mutation]
  1124 | D:2      | Gained mutation: Your flesh is heat resistant. (rF+) [potion of beneficial mutation]
  1179 | D:2      | Noticed Robin
  1216 | D:2      | Killed Robin
  1216 | D:2      | Reached skill level 2 in Unarmed Combat
  1484 | D:2      | Reached XP level 4. HP: 29/38 MP: 4/4
  1495 | D:2      | Noticed Ijyb
  1518 | D:2      | Killed Ijyb
  1518 | D:2      | Reached skill level 3 in Unarmed Combat
  1860 | D:2      | Found a bloodstained altar of Trog.
  2243 | D:3      | Reached XP level 5. HP: 30/43 MP: 5/5
  2687 | D:4      | Found Sita's Antique Armour Shop.
  2772 | D:4      | Reached skill level 4 in Unarmed Combat
  2786 | D:4      | HP: 10/43 [poisoned by a scorpion]
  2793 | D:4      | HP: 8/43 [poisoned by a scorpion]
  2800 | D:4      | HP: 7/43 [poisoned by a scorpion]
  2808 | D:4      | HP: 6/43 [poisoned by a scorpion]
  3188 | D:4      | Found a staircase to the Ecumenical Temple.
  3197 | Temple   | Entered the Ecumenical Temple
  3207 | Temple   | Became a worshipper of Makhleb the Destroyer
  3388 | D:4      | Found an iron altar of Okawaru.
  3414 | D:4      | Gained mutation: You have razor-sharp toenails. [demonic ancestry]
  3414 | D:4      | Reached XP level 6. HP: 49/49 MP: 6/6
  3421 | D:4      | Reached skill level 5 in Unarmed Combat
  3975 | D:5      | Entered Level 5 of the Dungeon
  4026 | D:5      | Noticed a sky beast
  4039 | D:5      | Killed a sky beast
  4115 | D:5      | Found a runed door.
  4181 | D:5      | Reached skill level 6 in Unarmed Combat
  4472 | D:5      | Reached XP level 7. HP: 55/55 MP: 7/7
  4596 | D:5      | Noticed Crazy Yiuf
  4602 | D:5      | Killed Crazy Yiuf
  4614 | D:5      | Got a smoking mace
  4757 | D:6      | Upgraded the game from 0.20-a0-396-gbf3f530 to 0.20-a0-427-g8b12978
  4787 | D:6      | Reached skill level 7 in Unarmed Combat
  4820 | D:6      | Found an opulent altar of Gozag.
  5106 | D:6      | Found Nonefihu's Assorted Antiques.
  5115 | D:6      | Bought a scroll labeled HIDEBOITAH for 26 gold pieces
  5115 | D:6      | Bought 2 scrolls labeled ISUREP QUTI for 52 gold pieces
  5832 | D:7      | Reached skill level 8 in Unarmed Combat
  5862 | D:7      | Found a sacrificial altar of Ru.
  5904 | D:7      | Reached XP level 8. HP: 61/61 MP: 8/8
  5984 | D:7      | Reached * piety under Makhleb
  6252 | D:7      | Reached skill level 9 in Unarmed Combat
  6667 | D:8      | Reached skill level 10 in Unarmed Combat
  6675 | D:8      | HP: 15/61 [killer bee (7)]
  6700 | D:8      | Gained mutation: A weak demonic guardian rushes to your aid. [demonic ancestry]
  6700 | D:8      | Reached XP level 9. HP: 33/66 MP: 9/9
  6714 | D:8      | Reached ** piety under Makhleb
  6726 | D:8      | HP: 16/66 [poisoned by a killer bee]
  6731 | D:8      | HP: 15/66 [poisoned by a killer bee]
  6738 | D:8      | HP: 15/66 [poisoned by a killer bee]
  6746 | D:8      | HP: 14/66 [poisoned by a killer bee]
  6862 | D:8      | Noticed a queen bee
  7046 | D:8      | Reached skill level 11 in Unarmed Combat
  7106 | D:8      | You fall through a shaft for 3 floors!
  7185 | D:11     | Noticed a rime drake
  7209 | D:10     | Entered Level 10 of the Dungeon
  7209 | D:10     | Found a runed door.
  7209 | D:10     | Noticed an ice dragon
  7209 | D:10     | Noticed a fire dragon
  7209 | D:10     | Noticed a fire dragon
  7211 | D:10     | Noticed an ice dragon
  7458 | D:9      | Found a roughly hewn altar of Beogh.
  7458 | D:9      | Found a staircase to the Orcish Mines.
  7739 | D:9      | Noticed a wizard
  7757 | D:9      | Killed a wizard
  7757 | D:9      | Reached skill level 5 in Fighting
  7757 | D:9      | Reached skill level 3 in Armour
  7757 | D:9      | Reached skill level 2 in Dodging
  7891 | D:9      | Noticed a large abomination
  7938 | D:8      | Killed a queen bee
  8014 | D:6      | Bought a scroll of remove curse for 78 gold pieces
  8321 | D:9      | Gained mutation: A demonic guardian rushes to your aid. [demonic ancestry]
  8321 | D:9      | Reached XP level 10. HP: 69/74 MP: 10/10
  8324 | D:9      | Reached skill level 4 in Armour
  8353 | D:9      | Reached skill level 3 in Dodging
  8475 | D:9      | Reached skill level 6 in Fighting
  8489 | D:9      | Reached *** piety under Makhleb
  8808 | D:9      | Reached skill level 5 in Armour
  8822 | D:9      | Reached skill level 4 in Dodging
  8838 | D:9      | HP: 19/77 [poisoned by a queen bee]
  8844 | D:9      | HP: 16/77 [poisoned by a queen bee]
  8850 | D:9      | HP: 15/77 [poisoned by a queen bee]
  8857 | D:9      | HP: 14/77 [poisoned by a queen bee]
  8865 | D:9      | HP: 14/77 [poisoned by a queen bee]
  9230 | D:9      | Found Visch's Gadget Shop.
  9308 | D:9      | Reached skill level 7 in Fighting
  9419 | D:9      | Killed a large abomination
  9462 | D:8      | Upgraded the game from 0.20-a0-427-g8b12978 to 0.20-a0-432-g25cc1b4
  9736 | D:9      | Identified the Handbook of Combat Magic
  9823 | D:9      | Reached skill level 6 in Armour
  9823 | D:9      | Reached skill level 5 in Dodging
  9824 | D:9      | HP: 15/79 [orc warrior/glaive (21)]
 10375 | D:9      | Noticed a two-headed ogre
 10381 | D:9      | Killed a two-headed ogre
 10381 | D:9      | Reached **** piety under Makhleb
 10381 | D:9      | Gained mutation: You have claws for feet. [demonic ancestry]
 10381 | D:9      | Reached XP level 11. HP: 86/86 MP: 11/11
 10503 | D:10     | Reached skill level 8 in Fighting
 10645 | D:10     | Reached skill level 12 in Unarmed Combat
 10952 | D:10     | Found a runed door.
 10969 | D:10     | Noticed Psyche
 10978 | D:10     | Killed Psyche
 11051 | D:10     | Found a portal to a secret trove of treasure.
 11159 | D:10     | Found a staircase to the Lair.
 11168 | Lair:1   | Entered Level 1 of the Lair of Beasts
 11197 | Lair:1   | Reached skill level 9 in Fighting
 11271 | Lair:1   | Found a labyrinth entrance.
 11280 | Lab      | Entered a labyrinth
 11431 | Lab      | Noticed a minotaur
 11452 | Lab      | Killed a minotaur
 11479 | Lab      | Identified the Reference Book on Malediction
 12539 | Lair:2   | Reached skill level 13 in Unarmed Combat
 12542 | Lair:2   | Reached skill level 10 in Fighting
 12597 | Lair:2   | Noticed temujin's ghost (journeyman DEFE)
 12617 | Lair:2   | Killed temujin's ghost
 13265 | Lair:3   | Found a staircase to the Shoals.
 13269 | Lair:3   | Found a staircase to the Snake Pit.
 13276 | Lair:3   | Reached XP level 12. HP: 73/98 MP: 12/12
 13832 | Lair:4   | Reached skill level 1 in Invocations
 13834 | Lair:4   | Reached ***** piety under Makhleb
 13837 | Lair:4   | Reached skill level 2 in Invocations
 13844 | Lair:4   | Reached skill level 3 in Invocations
 14000 | Lair:4   | Noticed a seven-headed hydra
 14007 | Lair:4   | Reached skill level 4 in Invocations
 14021 | Lair:4   | Killed a seven-headed hydra
 14426 | Lair:4   | Reached skill level 5 in Invocations
 14458 | Lair:4   | Found a glowing silver altar of Zin.
 14497 | Lair:4   | Reached skill level 6 in Invocations
 14543 | Lair:4   | Got a shimmering war axe
 14602 | Lair:4   | Reached skill level 7 in Invocations
 15125 | Lair:4   | Learned a level 2 spell: Repel Missiles
 15263 | Lair:5   | Reached skill level 8 in Invocations
 15371 | Lair:5   | Reached skill level 9 in Invocations
 15760 | Lair:6   | Entered Level 6 of the Lair of Beasts
 15763 | Lair:6   | Found a viscous altar of Jiyva.
 15763 | Lair:6   | Found a staircase to the Slime Pits.
 15783 | Lair:6   | Reached skill level 10 in Invocations
 16149 | Lair:6   | Reached skill level 11 in Invocations
 16308 | Lair:6   | Noticed a five-headed hydra
 16315 | Lair:6   | Killed a five-headed hydra
 16315 | Lair:6   | Reached skill level 11 in Fighting
 16472 | Lair:6   | Gained mutation: You have a pair of small antennae on your head. [demonic ancestry]
 16472 | Lair:6   | Reached XP level 13. HP: 106/106 MP: 21/21
 16592 | Lair:6   | Reached skill level 14 in Unarmed Combat
 17355 | Orc:1    | Entered Level 1 of the Orcish Mines
 17402 | Orc:1    | Found Zoit's General Store.
 17418 | Orc:1    | Reached skill level 12 in Fighting
 17430 | Orc:1    | Bought the +2 cloak of the Pirate {+Inv rN+ Str+2} for 590 gold pieces
 18022 | Orc:2    | Entered Level 2 of the Orcish Mines
 18336 | Orc:2    | Reached ****** piety under Makhleb
 18632 | Orc:2    | Found a staircase to the Elven Halls.
 19008 | Orc:2    | Found a roughly hewn altar of Beogh.
 19022 | Orc:2    | Noticed an orc warlord
 19034 | Orc:2    | Killed an orc warlord
 19041 | Orc:2    | Found Owaemig's Antique Armour Shoppe.
 19062 | Orc:2    | Found Namek's Antique Weapon Shoppe.
 19205 | Orc:2    | Found Upsoiz's Jewellery Shoppe.
 19213 | Orc:2    | Bought the ring "Wadoteto" {*Drain rC+ MR+ Dex+4} for 543 gold pieces
 19225 | Orc:2    | Found Sast's General Store.
 19768 | D:11     | Reached skill level 13 in Fighting
 19768 | D:11     | Reached skill level 15 in Unarmed Combat
 19976 | D:11     | Got the battleaxe of Imbalance {freeze}
 20168 | D:12     | Found Uciun's Magic Scroll Shoppe.
 20281 | D:12     | HP: 27/111 [slime creature (3)]
 20282 | D:12     | HP: 13/111 [slime creature (14)]
 20283 | D:12     | Reached XP level 14. HP: 14/118 MP: 22/22
 20638 | D:12     | Found a white marble altar of Elyvilon.
 20968 | D:12     | Reached skill level 6 in Dodging
 21126 | D:13     | Found a gate to the Vaults.
 21137 | D:13     | Reached skill level 7 in Armour
 21478 | D:13     | Reached skill level 7 in Dodging
 21880 | D:13     | Reached skill level 8 in Armour
 22057 | Orc:2    | Bought a bloodstained plate armour for 728 gold pieces
 22057 | Orc:2    | Identified the +1 plate armour of the Exiled Friends {Stlth+} (You bought it in a shop on level 2 of the Orcish Mines)
 22301 | D:14     | Found a shattered altar of Ashenzari.
 23025 | D:14     | Reached skill level 8 in Dodging
 24114 | D:14     | Found a glowing golden altar of the Shining One.
 24287 | D:15     | Entered Level 15 of the Dungeon
 24301 | D:15     | Reached skill level 9 in Armour
 24433 | D:15     | Found a roughly hewn altar of Beogh.
 24832 | D:15     | Reached skill level 9 in Dodging
 25351 | D:15     | Gained mutation: You regenerate a little health from kills. [demonic ancestry]
 25351 | D:15     | Reached XP level 15. HP: 124/124 MP: 23/23
 25364 | D:15     | Found a staircase to the Depths.
 25441 | D:14     | Reached skill level 10 in Armour
 25641 | Snake:1  | Entered Level 1 of the Snake Pit
 26113 | Depths:1 | Entered Level 1 of the Depths
 26612 | Snake:1  | Noticed Josephine
 26629 | Snake:1  | Killed Josephine
 26648 | Snake:1  | Reached skill level 10 in Dodging
 26766 | Snake:1  | HP: 24/124 [black mamba (11)]
 26789 | Snake:1  | HP: 22/124 [salamander/arrow (5)]
 26797 | Snake:1  | HP: 23/124 [naga sharpshooter/bolt (5)]
 27307 | Shoals:1 | Entered Level 1 of the Shoals
 27307 | Shoals:1 | Found a sparkling altar of Nemelex Xobeh.
 27653 | Elf:1    | Entered Level 1 of the Elven Halls
 27654 | Elf:1    | Noticed an Executioner
 28803 | Orc:2    | Bought an uncursed ring of poison resistance for 300 gold pieces
 29537 | Snake:2  | Reached skill level 14 in Fighting
 29815 | Snake:2  | Got a glittering glass ring
 29816 | Snake:2  | Identified the ring of Liberty {rN+ SInv} (You found it on level 2 of the Snake Pit)
 30396 | Snake:2  | HP: 28/127 [naga sharpshooter/bolt (23)]
 30401 | Snake:2  | Reached skill level 16 in Unarmed Combat
 31435 | Snake:3  | Noticed Vashnia
 31447 | Snake:3  | Killed Vashnia
 31447 | Snake:3  | Gained mutation: You have very sharp fingernails. [demonic ancestry]
 31447 | Snake:3  | Reached XP level 16. HP: 59/134 MP: 24/24
 31940 | Snake:3  | Reached skill level 15 in Fighting
 33818 | D:10     | Reached skill level 11 in Armour
 34038 | D:10     | Reached skill level 1 in Shields
 34217 | Snake:4  | Entered Level 4 of the Snake Pit
 34310 | Snake:4  | Found a frozen archway.
 34316 | IceCv    | Entered an ice cave
 34344 | IceCv    | Reached skill level 2 in Shields
 34549 | IceCv    | Reached skill level 3 in Shields
 34616 | IceCv    | Reached skill level 4 in Shields
 34761 | Snake:4  | Reached skill level 5 in Shields
 35166 | Snake:4  | Noticed Louise
 35218 | Snake:4  | Reached skill level 6 in Shields
 35221 | Snake:4  | Killed Louise
 35721 | Snake:4  | Reached skill level 7 in Shields
 36068 | Snake:4  | Gained mutation: Your spells are a little easier to cast, but a little less powerful. [a cacodemon]
 36366 | Snake:4  | Reached skill level 8 in Shields
 36668 | Snake:4  | Gained mutation: You regenerate health from kills. [demonic ancestry]
 36668 | Snake:4  | Reached XP level 17. HP: 135/142 MP: 25/25
 36676 | Snake:4  | HP: 32/142 [nagaraja/orb of energy (23)]
 36972 | Snake:4  | HP: 21/142 [naga sharpshooter/bolt (23)]
 37235 | Snake:4  | Reached skill level 9 in Shields
 37456 | Snake:4  | Got a serpentine rune of Zot
 37710 | Shoals:1 | Noticed Roxanne
 37724 | Shoals:1 | Noticed Aizul
 37745 | Shoals:1 | Killed Aizul
 37745 | Shoals:1 | Reached skill level 10 in Shields
 38324 | Shoals:3 | Reached skill level 11 in Shields
 38335 | Shoals:3 | HP: 26/142 [satyr/arrow (35)]
 38346 | Shoals:3 | HP: 33/142 [satyr/arrow (25)]
 38801 | Shoals:4 | Entered Level 4 of the Shoals
 39049 | Shoals:3 | Reached skill level 12 in Shields
 39224 | Shoals:4 | Noticed Ilsuiw
 39250 | Shoals:4 | HP: 30/142 [water nymph/the raging water (20)]
 39250 | Shoals:4 | HP: 10/142 [water nymph/the raging water (20)]
 39485 | Shoals:4 | Got a faintly humming scale mail
 39532 | Shoals:4 | Identified the +4 scale mail of Luteoz {-Cast rPois rC+ SInv} (You found it on level 4 of the Shoals)
 39577 | Shoals:4 | Reached skill level 13 in Shields
 39709 | Shoals:4 | Got a barnacled rune of Zot
 39800 | Shoals:1 | Noticed Frances
 39816 | Shoals:1 | Killed Frances
 39953 | Shoals:1 | Gained mutation: You have a pair of antennae on your head. [demonic ancestry]
 39953 | Shoals:1 | Reached XP level 18. HP: 149/149 MP: 26/26
 40170 | Vaults:1 | Entered Level 1 of the Vaults
 40324 | Vaults:1 | Reached skill level 14 in Shields
 40935 | Vaults:1 | Got a jewelled ring mail
 40936 | Vaults:1 | Identified the +0 ring mail "Ecvut" {rC++ MR+ MP+9} (You found it on level 1 of the Vaults)
 41030 | Vaults:1 | Reached skill level 15 in Shields
 41233 | Vaults:1 | Identified a scroll of acquirement
 41769 | Vaults:2 | Noticed a lich
 41772 | Vaults:2 | Killed a lich
 41940 | Vaults:2 | Reached skill level 17 in Unarmed Combat
 41987 | Vaults:2 | Noticed a Tzitzimitl
 42478 | Vaults:2 | Got a crystal long sword
 42624 | Vaults:2 | Reached XP level 19. HP: 155/155 MP: 27/27
 43110 | Vaults:3 | Reached skill level 18 in Unarmed Combat
 43228 | Vaults:3 | Found a staircase to the Crypt.
 44418 | Vaults:4 | HP: 36/155 [deep elf knight/short sword (15)]
 44960 | Vaults:4 | Reached skill level 19 in Unarmed Combat
 45034 | Vaults:4 | Got a pitted wooden ring
 45464 | Vaults:4 | Got a bound brass ring
 45844 | Vaults:5 | Entered Level 5 of the Vaults
 45947 | Vaults:4 | Reached skill level 20 in Unarmed Combat
 45993 | Vaults:4 | HP: 31/155 [vault guard/great sword of draining (14)]
 46223 | Vaults:4 | Gained mutation: Your magical and physical power is slightly enhanced at high health. [demonic ancestry]
 46223 | Vaults:4 | Reached XP level 20. HP: 109/163 MP: 28/28
 46339 | Vaults:4 | HP: 38/163 [flayed ghost/flay_damage (19)]
 46468 | Vaults:5 | Noticed an ancient lich
 46493 | Vaults:4 | Killed an ancient lich
 46659 | Vaults:5 | Identified the ring "Lacoh" {rF+ MR+ Str+3} (You took it off a yaktaur on level 4 of the Vaults)
 46660 | Vaults:5 | Identified the ring "Usicutor" {Dex+2 Stlth+} (You took it off a vault sentinel on level 4 of the Vaults)
 46827 | Vaults:5 | Reached skill level 21 in Unarmed Combat
 47054 | Vaults:5 | Noticed a golden dragon
 47074 | Vaults:5 | Killed a golden dragon
 47074 | Vaults:5 | Reached skill level 16 in Fighting
 47084 | Vaults:5 | Paralysed by a floating eye for 3 turns
 47167 | Vaults:5 | Noticed a golden dragon
 47177 | Vaults:5 | Killed a golden dragon
 47312 | Vaults:5 | Reached skill level 17 in Fighting
 47369 | Vaults:5 | Found Izxaclat's Antique Armour Boutique.
 47374 | Vaults:5 | Noticed an ancient lich
 47389 | Vaults:5 | HP: 36/168 [storm dragon/bolt of lightning (26)]
 47396 | Vaults:5 | HP: 35/168 [vault sentinel/long sword[a vault warden] (3)]
 47429 | Vaults:5 | Killed from afar by an ogre mage

Vault maps used:
D:1:      dpeg_arrival_boxes_within_box
D:2:      trog_three_pillars_becter, uniq_iyjb, uniq_robin
D:3:      minmay_roachtagon
D:4:      serial_shops, nicolae_shop_stone, okawaru_gym_becter
D:5:      first_bread, uniq_crazy_yiuf_cottage
D:6:      serial_shops, shop, grunt_gozag_breadcrumbs
D:7:      nicolae_ru_the_path_less_chosen
D:8:      david_nohive_1, minmay_misc_feat_five,
          hangedman_abyss_or_decor_lesser_grid, grunt_decor_cap,
          corexii_leaking_fountain
D:9:      david_orc_5, serial_shops, nicolae_shop_trees, minmay_door_square,
          laboratory
D:10:     grunt_lair_entry_orc_guard_hut, enter_trove_3, minivault_4,
          minmay_guarded_unrand_resistance, uniq_psyche
D:11:     minmay_coctagon
D:12:     serial_shops, nicolae_shop_temple_entry_statues_fountains,
          elyvilon_altar_4
D:13:     lightli_vaults_fourway_checkpoint, minivault_19
D:14:     serial_co_window_serial, co_window_corner_a, co_window_corner_a,
          co_window_paths_a, co_window_paths_a, co_window_corner_a,
          co_window_paths_c, co_window_2corner, co_window_of_opportunity_b,
          co_window_sun, co_window_4corner_a, glass_columns_a, glass_columns_b,
          ashenzari_altar_1, nicolae_tso_swordbearing_angel
D:15:     grunt_enter_depths_snipers, nrook_mini_vaults, special_room
Temple:   dpeg_three_leaves_temple
Lair:1:   lab_entry_generic, small_statue_intersection, lemuel_fruit_tree
Lair:2:   beast_lair_carwin_large_2, st_stairs_10
Lair:3:   shoals_dummy_entry, minmay_snake_entry_spellcaster
Lair:4:   basic_altar
Lair:6:   minmay_lair_end_enchanted_forest, slime_altar_1,
          infiniplex_staircase_pool
Shoals:1: lemuel_oklob_altar, uniq_roxanne, uniq_aizul, uniq_frances
Shoals:3: serial_shops, shop
Shoals:4: shoals_end_grunt_garden, shoal_ilsuiw, nicolae_shoals_wave_tunnel
Snake:1:  uniq_josephine
Snake:2:  grunt_ministairs_15, basic_loot_grate_trap
Snake:3:  kennysheep_six_static_rooms, spider_trap, st_stairs_10, uniq_vashnia
Snake:4:  minmay_snake_end_coiled, portal_ice_cave_entry_pillars_four,
          uniq_louise
Orc:1:    serial_shops, nicolae_shop_trees, uniq_nergalle
Orc:2:    grunt_orc_cross
Elf:1:    eino_elf_arrival_shootout, serial_shops, shop,
          hangedman_elf_disciples, uniq_nikola
Vaults:1: hangedman_vaults_unwind, hangedman_vaults_nodes, v_misc_15,
          ontoclasm_vaults_gallery, nicolae_vaults_little_squares_2,
          ontoclasm_vaults_shuriken, ontoclasm_vaults_misaligned,
          nicolae_vaults_diagonal_hallway_6, hangedman_vaults_variations,
          nicolae_vaults_disjoint_gnomons, hangedman_vaults_hat,
          vaults_dpeg_encased_lava, nicolae_vaults_network_s,
          ontoclasm_vaults_fault, ontoclasm_vaults_twist
Vaults:2: nicolae_vaults_asterisk, serial_ice_g, vaults_room_hallway,
          vaults_mumra_bighexcomb, nicolae_vaults_network_periphery,
          hangedman_vaults_stitches, ontoclasm_vaults_decontamination,
          v_misc_23, nicolae_vaults_mini_display_case, grunt_vaults_funnel,
          ontoclasm_vaults_loading_screen, nicolae_vaults_shelves_hall
Vaults:3: vaults_dpeg_diagonal, nicolae_vaults_network_barrier,
          vaults_mumra_lcd, v_alt_pattern_5
Vaults:4: nicolae_vaults_display_case, v_misc_15, vaults_room_semicircle,
          grunt_vaults_focal, v_misc_10, vaults_mumra_minichess,
          vaults_dpeg_hooks, v_misc_1, hangedman_vaults_slither,
          nicolae_vaults_specimen_jars, vaults_room_pool, ontoclasm_vaults_eye
Vaults:5: serial_shops
Depths:1: lightli_too_deep, lemuel_round_altar, fountainhead,
          kennysheep_just_a_vault, grunt_megastairs_3, firewood_loft,
          serial_bayou_shore_a
Lab:      nicolae_lab_dead_adventurers, nicolae_lab_garden, nicolae_lab_stuck,
          nicolae_lab_quarters
IceCv:    ice_cave_statue_garden_chambered

Skill      XL: |  1  2  3  4  5  6  7  8  9 10 11 12 13 14 15 16 17 18 19 20 |
---------------+-------------------------------------------------------------+-----
Unarmed Combat | 1 2 3 4 6 8 10 11 13 15 16 17 20 21 | 21.0
Fighting       | 5 7 10 11 13 14 15 17 | 17.2
Armour         | 3 6 9 10 11 | 11.0
Dodging        | 2 5 9 10 | 10.7
Invocations    | 11 | 11.1
Shields        | 8 13 15 | 15.1
Bows           | |  1.0
Throwing       | |  1.0
Stealth        | |  1.0

Action                   |  1- 3 |  4- 6 |  7- 9 | 10-12 | 13-15 | 16-18 | 19-21 || total
-------------------------+-------+-------+-------+-------+-------+-------+-------++-------
Melee: Dagger            |    69 |       |       |       |       |       |       ||    69
       Unarmed           |   108 |   203 |   337 |   821 |  1576 |  1708 |  1031 ||  5784
       Kick              |    20 |    41 |    96 |   288 |   655 |   806 |   548 ||  2454
       Punch             |       |     1 |    14 |    62 |   170 |    80 |       ||   327
Invok: Lesser Servant of |       |       |       |     1 |    18 |    12 |       ||    31
       Minor Destruction |       |       |       |       |     1 |     2 |       ||     3
       Greater Servant o |       |       |       |       |     2 |     4 |       ||     6
Evoke: Wand              |       |       |     2 |       |     5 |     1 |       ||     8
       Phial of floods   |       |       |       |     1 |     1 |     2 |       ||     4
       Lamp of fire      |       |       |       |       |     1 |     2 |     1 ||     4
       Sack of spiders   |       |       |       |       |       |       |     1 ||     1
  Use: Scroll            |     3 |     9 |    11 |     6 |    11 |    10 |     8 ||    58
       Potion            |     2 |       |     3 |     3 |     2 |     4 |     3 ||    17
 Stab: Distracted        |       |       |     2 |     6 |    10 |    18 |     3 ||    39
       Invisible         |       |       |       |       |       |     6 |     1 ||     7
  Eat: Chunk             |     2 |     8 |     8 |     8 |     9 |    11 |     4 ||    50
       Beef jerky        |       |     1 |     1 |     1 |     1 |       |     1 ||     5
       Royal jelly       |       |       |     1 |     2 |       |       |     1 ||     4
       Pizza             |       |       |       |     1 |       |     1 |     2 ||     4
       Fruit             |       |       |       |     5 |       |     2 |     2 ||     9
       Meat ration       |       |       |       |     1 |     3 |     1 |       ||     5
       Bread ration      |       |       |       |     2 |     5 |     4 |     1 ||    12
Armor: Scale mail        |    79 |   103 |   124 |   280 |   409 |   302 |   110 ||  1407
       Skin              |       |       |    26 |       |       |       |       ||    26
Dodge: Dodged            |    64 |    74 |   134 |   444 |   997 |   844 |   291 ||  2848
Block: Other             |    27 |    45 |    56 |   165 |   323 |    92 |       ||   708
       Reflection        |     2 |     1 |     3 |     3 |    14 |   152 |    50 ||   225
       Shield            |       |       |       |       |       |   936 |   677 ||  1613

Vault maps used:
D:1:      dpeg_arrival_boxes_within_box
D:2:      trog_three_pillars_becter, uniq_iyjb, uniq_robin
D:3:      minmay_roachtagon
D:4:      serial_shops, nicolae_shop_stone, okawaru_gym_becter
D:5:      first_bread, uniq_crazy_yiuf_cottage
D:6:      serial_shops, shop, grunt_gozag_breadcrumbs
D:7:      nicolae_ru_the_path_less_chosen
D:8:      david_nohive_1, minmay_misc_feat_five,
          hangedman_abyss_or_decor_lesser_grid, grunt_decor_cap,
          corexii_leaking_fountain
D:9:      david_orc_5, serial_shops, nicolae_shop_trees, minmay_door_square,
          laboratory
D:10:     grunt_lair_entry_orc_guard_hut, enter_trove_3, minivault_4,
          minmay_guarded_unrand_resistance, uniq_psyche
D:11:     minmay_coctagon
D:12:     serial_shops, nicolae_shop_temple_entry_statues_fountains,
          elyvilon_altar_4
D:13:     lightli_vaults_fourway_checkpoint, minivault_19
D:14:     serial_co_window_serial, co_window_corner_a, co_window_corner_a,
          co_window_paths_a, co_window_paths_a, co_window_corner_a,
          co_window_paths_c, co_window_2corner, co_window_of_opportunity_b,
          co_window_sun, co_window_4corner_a, glass_columns_a, glass_columns_b,
          ashenzari_altar_1, nicolae_tso_swordbearing_angel
D:15:     grunt_enter_depths_snipers, nrook_mini_vaults, special_room
Temple:   dpeg_three_leaves_temple
Lair:1:   lab_entry_generic, small_statue_intersection, lemuel_fruit_tree
Lair:2:   beast_lair_carwin_large_2, st_stairs_10
Lair:3:   shoals_dummy_entry, minmay_snake_entry_spellcaster
Lair:4:   basic_altar
Lair:6:   minmay_lair_end_enchanted_forest, slime_altar_1,
          infiniplex_staircase_pool
Shoals:1: lemuel_oklob_altar, uniq_roxanne, uniq_aizul, uniq_frances
Shoals:3: serial_shops, shop
Shoals:4: shoals_end_grunt_garden, shoal_ilsuiw, nicolae_shoals_wave_tunnel
Snake:1:  uniq_josephine
Snake:2:  grunt_ministairs_15, basic_loot_grate_trap
Snake:3:  kennysheep_six_static_rooms, spider_trap, st_stairs_10, uniq_vashnia
Snake:4:  minmay_snake_end_coiled, portal_ice_cave_entry_pillars_four,
          uniq_louise
Orc:1:    serial_shops, nicolae_shop_trees, uniq_nergalle
Orc:2:    grunt_orc_cross
Elf:1:    eino_elf_arrival_shootout, serial_shops, shop,
          hangedman_elf_disciples, uniq_nikola
Vaults:1: hangedman_vaults_unwind, hangedman_vaults_nodes, v_misc_15,
          ontoclasm_vaults_gallery, nicolae_vaults_little_squares_2,
          ontoclasm_vaults_shuriken, ontoclasm_vaults_misaligned,
          nicolae_vaults_diagonal_hallway_6, hangedman_vaults_variations,
          nicolae_vaults_disjoint_gnomons, hangedman_vaults_hat,
          vaults_dpeg_encased_lava, nicolae_vaults_network_s,
          ontoclasm_vaults_fault, ontoclasm_vaults_twist
Vaults:2: nicolae_vaults_asterisk, serial_ice_g, vaults_room_hallway,
          vaults_mumra_bighexcomb, nicolae_vaults_network_periphery,
          hangedman_vaults_stitches, ontoclasm_vaults_decontamination,
          v_misc_23, nicolae_vaults_mini_display_case, grunt_vaults_funnel,
          ontoclasm_vaults_loading_screen, nicolae_vaults_shelves_hall
Vaults:3: vaults_dpeg_diagonal, nicolae_vaults_network_barrier,
          vaults_mumra_lcd, v_alt_pattern_5
Vaults:4: nicolae_vaults_display_case, v_misc_15, vaults_room_semicircle,
          grunt_vaults_focal, v_misc_10, vaults_mumra_minichess,
          vaults_dpeg_hooks, v_misc_1, hangedman_vaults_slither,
          nicolae_vaults_specimen_jars, vaults_room_pool, ontoclasm_vaults_eye
Vaults:5: serial_shops
Depths:1: lightli_too_deep, lemuel_round_altar, fountainhead,
          kennysheep_just_a_vault, grunt_megastairs_3, firewood_loft,
          serial_bayou_shore_a
Lab:      nicolae_lab_dead_adventurers, nicolae_lab_garden, nicolae_lab_stuck,
          nicolae_lab_quarters
IceCv:    ice_cave_statue_garden_chambered

Table legend:
 A = Turns spent in this place as a percentage of turns spent in the entire game.
 B = Non-inter-level travel turns spent in this place as a percentage of non-inter-level travel turns spent in the entire game.
 C = Inter-level travel turns spent in this place as a percentage of turns spent in this place.
 D = Turns resting spent in this place as a percentage of non-inter-level travel turns spent in this place.
 E = Turns spent auto-exploring this place as a percentage of non-inter-level travel turns spent in this place.
 F = Non-inter-level travel turns spent in this place divided by the number of levels of this place that you've seen.
                   A       B       C       D       E      F
               +-------+-------+-------+-------+-------+----------------------
         Total | 100.0 | 100.0 |   0.5 |   2.2 |   5.1 | 402.0
       Dungeon |  32.4 |  32.3 |   0.8 |   2.4 |   7.7 | 354.5
        Temple |   0.1 |   0.1 |   0.0 |   0.0 |   0.0 |  21.0
          Lair |   9.2 |   9.2 |   0.6 |   2.5 |   7.1 | 252.3
        Shoals |  10.8 |  10.8 |   0.1 |   2.0 |   0.0 | 446.5
     Snake Pit |  17.1 |  17.1 |   0.5 |   3.7 |   3.2 | 703.0
  Orcish Mines |   5.1 |   5.1 |   1.4 |   1.9 |   3.2 | 419.5
   Elven Halls |   0.0 |   0.0 |   0.0 |   0.0 |   0.0 |   2.0
        Vaults |  22.1 |  22.2 |   0.1 |   1.2 |   5.6 | 732.8
        Depths |   0.5 |   0.5 |   1.2 |   2.5 |   0.0 |  80.0
     Labyrinth |   1.3 |   1.3 |   0.0 |   0.0 |   0.0 | 215.0
      Ice Cave |   1.4 |   1.4 |   0.0 |   0.9 |   0.0 | 232.0
               +-------+-------+-------+-------+-------+----------------------

Table legend:
 A = Kills in this place as a percentage of kills in entire the game.
 B = Kills by you in this place as a percentage of kills by you in the entire game.
 C = Kills by friends in this place as a percentage of kills by friends in the entire game.
 D = Other kills in this place as a percentage of other kills in the entire game.
 E = Experience gained in this place as a percentage of experience gained in the entire game.
 F = Experience gained in this place divided by the number of levels of this place that you have seen.
                   A       B       C       D       E      F
               +-------+-------+-------+-------+-------+----------------------
         Total | 100.0 | 100.0 | 100.0 | 100.0 | 100.0 | 13912.3
       Dungeon |  33.6 |  35.0 |  25.9 |  12.5 |  12.2 | 4621.5
          Lair |   9.6 |   8.2 |  19.6 |   0.0 |   5.4 | 5127.3
        Shoals |   8.6 |   7.7 |  10.6 |  50.0 |  11.5 | 16395.5
     Snake Pit |  13.2 |  12.5 |  19.0 |   0.0 |  17.6 | 25120.2
  Orcish Mines |   6.6 |   6.6 |   6.9 |   6.2 |   2.2 | 6148.0
        Vaults |  26.1 |  27.7 |  15.3 |  31.2 |  49.1 | 55957.4
        Depths |   0.5 |   0.3 |   1.6 |   0.0 |   0.6 | 3206.0
     Labyrinth |   0.3 |   0.4 |   0.0 |   0.0 |   0.3 | 1788.0
      Ice Cave |   1.5 |   1.5 |   1.1 |   0.0 |   1.3 | 7177.0
               +-------+-------+-------+-------+-------+----------------------
